 Dungeon Crawl Stone Soup version 0.28.0-53-g5a82cb258f (webtiles) character file.

Game seed: 5640591284692690205

257992 Gabide the Phalangite (level 19, -9/139 HPs)
             Began as a Tengu Monk on June 17, 2022.
             Was the Champion of Makhleb.
             Mangled by Xtahua (10 damage)
             ... while paralysed by Xtahua
             ... on level 2 of the Vaults.
             The game lasted 01:59:40 (46321 turns).

Gabide the Phalangite (Tengu Monk)                 Turns: 46321, Time: 01:59:41

Health: -9/139     AC: 20    Str: 14    XL:     19   Next: 85%
Magic:  20/20      EV:  2    Int: 10    God:    Makhleb [******]
Gold:   864        SH:  0    Dex: 23    Spells: 18/18 levels left

rFire   + . .      SeeInvis .   a - +9 bardiche (vorpal)
rCold   + . .      Faith    .   (shield currently unavailable)
rNeg    + . .      Spirit   .   J - +3 ring mail {rF+}
rPois   +          Reflect  +   y - +2 hat
rElec   .          Harm     .   D - +2 cloak
rCorr   .          Rampage  .   U - +3 pair of gauntlets of War {Slay+5}
Will    ++...                   (boots unavailable)
Stlth   ++........              c - amulet of reflection
HPRegen 0.33/turn               N - ring of willpower
MPRegen 0.17/turn               C - ring of the Hart {rPois rC+ rN+}

@: paralysed, flying quickly and evasively, studying 2 skills, quick
A: beak, talons 3, nimble flight
}: 2/15 runes: barnacled, gossamer
a: Renounce Religion, Minor Destruction, Lesser Servant of Makhleb, Major
Destruction, Greater Servant of Makhleb


You were on level 2 of the Vaults.
You worshipped Makhleb.
Makhleb was exalted by your worship.
You visited 7 branches of the dungeon, and saw 34 of its levels.
You also visited: Ice Cave.

You collected 4320 gold pieces.
You spent 3456 gold pieces at shops.

Inventory:

Hand Weapons
 a - a +9 vorpal bardiche (weapon)
 b - a +4 demon trident of venom
Missiles
 k - 2 throwing nets (quivered)
Armour
 p - a +5 ring mail of positive energy
 y - a +2 hat (worn)
 D - a +2 cloak (worn)
 J - a +3 ring mail of fire resistance (worn)
 R - a scarf of shadows
 U - the +3 pair of gauntlets of War (worn) {Slay+5}
   (You bought it in a shop on level 12 of the Dungeon)

   Slay:      It affects your accuracy & damage with ranged weapons and melee
   (+5).
Jewellery
 c - an amulet of reflection (around neck)
 d - a ring of willpower
 r - a +6 ring of dexterity
 B - the amulet "Kyashrab" {Spirit Str+2}
   (You found it on level 8 of the Dungeon)

   [amulet of guardian spirit]

   It causes incoming damage to be divided between your reserves of health and
   magic.
   Str:       It affects your strength (+2).
 C - the ring of the Hart (right hand) {rPois rC+ rN+}
   (You bought it in a shop on level 8 of the Dungeon)

   [ring of protection from cold]

   rC:        It protects you from cold.
   rPois:     It protects you from poison.
   rN:        It protects you from negative energy.
 E - a ring of positive energy
 F - a ring of see invisible
 I - a +6 ring of strength
 N - a ring of willpower (left hand)
 S - a +4 ring of protection
Wands
 e - a wand of acid (2)
 n - a wand of digging (11)
 K - a wand of polymorph (16)
 L - a wand of flame (32)
 T - a wand of iceblast (19)
Scrolls
 g - 9 scrolls of amnesia
 i - 3 scrolls of fog
 l - 6 scrolls of noise
 m - 2 scrolls of silence
 s - 15 scrolls of teleportation
 u - 4 scrolls of fear
 w - 3 scrolls of vulnerability
 x - a scroll of magic mapping
 P - 3 scrolls of brand weapon
 Q - 4 scrolls of immolation
 V - 2 scrolls of blinking
 Z - 3 scrolls of holy word
Potions
 f - 6 potions of lignification
 h - 4 potions of haste
 j - 5 potions of brilliance
 q - 3 potions of ambrosia
 t - 8 potions of curing
 v - 4 potions of magic
 z - 8 potions of attraction
 A - 4 potions of mutation
 G - 4 potions of might
 M - a potion of cancellation
 W - a potion of resistance
Miscellaneous
 o - a tin of tremorstones (2/2)
 X - a phantom mirror
 Y - a condenser vane


   Skills:
 + Level 21.9 Fighting
 + Level 23.4 Polearms
 + Level 11.1 Armour
 + Level 22.1 Dodging
 - Level 2.0 Stealth


You had 18 spell levels left.
You didn't know any spells.
Your spell library contained the following spells:

 Spells                   Type           Power      Damage    Failure   Level
 Animate Skeleton         Necr           0%         N/A       54%         1
 Freeze                   Ice            0%         1d3       54%         1
 Magic Dart               Conj           0%         1d3       54%         1
 Pain                     Necr           0%         1d4       54%         1
 Sandblast                Erth           0%         2d4       54%         1
 Sting                    Tmut/Pois      0%         1d3       54%         1
 Summon Small Mammal      Summ           0%         N/A       54%         1
 Blink                    Tloc           0%         N/A       69%         2
 Call Imp                 Summ           0%         N/A       69%         2
 Corpse Rot               Necr/Air       0%         N/A       69%         2
 Passwall                 Tmut/Erth      0%         N/A       69%         2
 Poisonous Vapours        Pois/Air       0%         N/A       69%         2
 Searing Ray              Conj           0%         2d4       69%         2
 Confusing Touch          Hex            0%         N/A       89%         3
 Dazzling Flash           Conj/Hex       0%         N/A       89%         3
 Frozen Ramparts          Ice            0%         1d2       89%         3
 Lesser Beckoning         Tloc           0%         N/A       89%         3
 Mephitic Cloud           Conj/Pois/Air  0%         N/A       89%         3
 Ozocubu's Armour         Ice            0%         N/A       89%         3
 Portal Projectile        Hex/Tloc       0%         N/A       89%         3
 Stone Arrow              Conj/Erth      0%         3d7       89%         3
 Tukima's Dance           Hex            0%         N/A       89%         3
 Anguish                  Hex/Necr       0%         N/A       100%        4
 Flame Wave               Conj/Fire      0%         2d4       100%        4
 Ice Form                 Ice/Tmut       0%         N/A       100%        4
 Olgreb's Toxic Radiance  Pois           0%         N/A       100%        4
 Summon Ice Beast         Ice/Summ       0%         N/A       100%        4
 Summon Lightning Spire   Summ/Air       0%         N/A       100%        4
 Agony                    Necr           0%         N/A       100%        5
 Blade Hands              Tmut           0%         N/A       100%        5
 Excruciating Wounds      Necr           0%         N/A       100%        5
 Fireball                 Conj/Fire      0%         3d3       100%        5
 Manifold Assault         Tloc           0%         N/A       100%        5
 Metabolic Englaciation   Hex/Ice        0%         N/A       100%        5
 Silence                  Hex/Air        0%         N/A       100%        5
 Yara's Violent Unravell  Hex/Tmut       0%         3d3       100%        5
 Death Channel            Necr           0%         N/A       100%        6
 Dispersal                Tloc           0%         N/A       100%        6
 Simulacrum               Ice/Necr       0%         N/A       100%        6
 Enfeeble                 Hex            0%         N/A       100%        7
 Disjunction              Tloc           0%         N/A       100%        8
 Lehudib's Crystal Spear  Conj/Erth      0%         10d2      100%        8
 Death's Door             Necr           0%         N/A       100%        9


Dungeon Overview and Level Annotations

Branches:
Dungeon (15/15)            Temple (1/1) D:5            Lair (6/6) D:11
 Shoals (4/4) Lair:3       Spider (4/4) Lair:4        Slime (0/5) Lair:5
    Orc (2/2) D:10            Elf (0/3) Orc:2        Vaults (2/5) D:13
  Crypt (0/3) Vaults:2     Depths (0/4) D:15          IceCv (visited)

Altars:
Ashenzari
Cheibriados
Dithmenos
Elyvilon
Fedhas
Gozag
Hepliaklqana
Kikubaaqudgha
Makhleb
Nemelex Xobeh
Okawaru
Qazlal
Ru
Sif Muna
Trog
Uskayaw
Vehumet
Wu Jian
Xom
Yredelemnul
Zin
The Shining One
Beogh

Shops:
D:4 [   D:7 :*   D:8 [*([(   D:9 *   D:10 !   D:12 [(*=   D:15 :   Orc:2 :*(*
Shoals:2 *   Shoals:3 *   Shoals:4 *   Vaults:1 [[[(

Portals:
Abyss: D:6

Annotations:
D:4 3 runed translucent doors, Descartes's ghost, amateur OpWn
D:6 2 transporters, Acheron's ghost, amateur TrWz
Shoals:4 3 runed translucent doors, Xye's ghost, adept HOFi
Vaults:1 2 transporters
Vaults:2 Xtahua


Innate Abilities, Weirdness & Mutations

You have a beak for a mouth.
You have claws for feet.
Your magical nature lets you fly swiftly and evasively.


Message History

The searing blast hits you!! You resist.
You fly upwards.
Level annotation: 2 transporters
There is a stone staircase leading down, spattered with blood here.
You start resting.
HP restored.
You fly downwards.
Level annotation: Xtahua
There is a stone staircase leading up, spattered with blood here.
You throw a curare-tipped dart. The curare-tipped dart hits Xtahua.
Xtahua growls, "YOU BORE ME SO."
Xtahua breathes fire at you. The searing blast misses you.
You reach to attack!
You slice Xtahua like a ripe choko!!!
Xtahua is heavily wounded.
You reach to attack!
You barely miss Xtahua.
Xtahua is heavily wounded.
You hit Xtahua but do no damage. You claw Xtahua! Your peck misses Xtahua.
Xtahua is heavily wounded.
Xtahua roars, "DIE, PUNY ONE!"
Xtahua thunders ferociously at you!
You suddenly lose the ability to move!
Xtahua bites you but does no damage. Xtahua claws you.
Xtahua tramples you but does no damage. Xtahua bites you but does no damage.
Xtahua claws you. Xtahua tramples you but does no damage.
Xtahua breathes fire at you. The searing blast hits you!!! You resist.
Xtahua thunders ferociously at you!
You easily resist.
Xtahua breathes fire at you. The searing blast hits you!!! You resist.
* * * LOW HITPOINT WARNING * * *
Xtahua breathes fire at you. The searing blast hits you!! You resist.
* * * LOW HITPOINT WARNING * * *
Xtahua bites you!!
* * * LOW HITPOINT WARNING * * *
Xtahua claws you but does no damage. Xtahua tramples you!
You die...

#################################
.........................H....H..
####..#################..########
# #..# ############.H# # #..#
#..........#..######## # #..#
#....[.....#..#......# # #..#
#☼...@D.[..'..#......# # #..#
#......("..#..#......# # #..#
#..........#..#†.....# # #..#
#..........#..').....# # #..#
############..#......# # #..#
#..######## # #..# #..# # # #."#
#..# # # #..# #..# #


You could see Xtahua (catching breath).

Vanquished Creatures
  Mara (Shoals:3)
  Nikola (Shoals:4)
  Rupert (D:13)
  Kirke (Spider:2)
  3 vault wardens
  An orc warlord (Orc:1)
  6 emperor scorpions
  4 ghost moths
  4 broodmothers
  7 ironbound preservers
  3 ironbound thunderhulks
  3 entropy weavers
  4 spark wasps
  The ghost of PentaManta the Nimble, a journeyman KoBr of Uskayaw (Lair:2)
  3 merfolk javelineers
  8 merfolk impalers
  A yaktaur captain (Vaults:1)
  Harold (D:8)
  12 hydras
  A rakshasa (D:15)
  2 ironbound frosthearts
  10 vault guards
  8 boulder beetles
  2 alligator snapping turtles
  3 radroaches
  14 centaur warriors
  A catoblepas (Lair:4)
  A merfolk aquamancer (Shoals:3)
  15 death yaks
  4 two-headed ogres
  Erica (D:9)
  A tengu warrior (D:9)
  Urug (Lair:1)
  An orc high priest (Orc:2)
  Sonja (Lair:2)
  19 slime creatures
  3 skeletal warriors
  5 pharaoh ants
  10 sea snakes
  A glowing orange brain (Vaults:2)
  3 sun moths
  8 steelbarb worms
  5 orb spiders
  15 deep trolls
  3 wizards
  4 orc knights
  6 ironbound convokers
  A necromancer (IceCv)
  13 lindwurms
  31 harpies
  A phantasmal warrior (Vaults:2)
  2 deep elf pyromancers
  24 wolf spiders
  22 ugly things
  16 manticores
  6 orc sorcerers
  7 cyclopes
  7 fauns
  4 moths of wrath
  An ice statue (IceCv)
  4 water nymphs
  6 merfolk sirens
  12 vault sentinels
  7 torpor snails
  11 elephants
  3 black mambas (Lair:6)
  2 gargoyles
  17 cane toads
  8 demonic crawlers
  8 komodo dragons
  An efreet (D:9)
  4 anaconda simulacra (IceCv)
  3 rime drakes
  2 freezing wraiths (IceCv)
  11 ice devils (IceCv)
  15 yaktaurs
  2 entropy weaver simulacra (IceCv)
  A queen bee (Spider:1)
  A meliai (shapeshifter) (D:15)
  5 trolls
  5 wind drakes
  15 meliai
  22 merfolk
  Grinder (D:6)
  22 tarantellas
  6 blink frogs
  A hornet (D:9)
  8 dream sheep
  13 snapping turtles
  A jumping spider (shapeshifter) (D:15)
  26 jumping spiders
  18 culicivoras
  10 water elementals
  2 shadows
  3 dire elephant simulacra (IceCv)
  Sigmund (D:4)
  A wraith (D:9)
  A wyvern (Lair:2)
  A vampire (D:9)
  21 yaks
  5 basilisks
  Grum (Lair:1)
  3 death yak simulacra (IceCv)
  3 wargs
  40 redbacks
  2 steam dragons (D:9)
  9 vampire mosquitoes
  10 water moccasins
  3 acid dragons
  36 orc warriors
  4 necrophages
  A sky beast (D:7)
  A black bear (D:7)
  6 ogres
  7 centaurs
  8 wolves
  3 phantoms
  13 bullfrogs
  4 scorpions
  A wyvern zombie (D:7)
  2 gnoll sergeants
  4 cane toad simulacra (IceCv)
  2 wyvern skeletons
  15 killer bees
  7 elephant simulacra (IceCv)
  3 wights (D:8)
  4 howler monkeys
  3 centaur zombies
  An electric eel (Spider:4)
  A bullfrog zombie (D:6)
  3 gnoll shamans
  2 jellies
  A centaur skeleton (D:7)
  22 orc priests
  A hound (D:5)
  Ijyb (D:3)
  Natasha (thrice) (D:2)
  6 iguanas
  34 orc wizards
  4 polar bear simulacra (IceCv)
  A spriggan simulacrum (IceCv)
  A troll simulacrum (IceCv)
  A wolf simulacrum (IceCv)
  A centaur simulacrum (D:9)
  2 hound zombies (D:5)
  A howler monkey zombie (D:9)
  Robin (D:3)
  18 gnolls
  3 naga simulacra (IceCv)
  9 adders
  3 river rats (D:11)
  13 white imps
  2 ufetubi
  An adder skeleton (D:5)
  2 dart slugs
  66 orcs
  3 endoplasms
  2 giant cockroaches
  14 goblins
  11 hobgoblins
  6 jackals
  9 quokkas
  4 ball pythons
  5 bats
  3 frilled lizards
  8 kobolds
  9 rats
1127 creatures vanquished.

Vanquished Creatures (collateral kills)
  Gastronok (D:9)
  A stone giant (D:15)
  A vault guard (D:13)
  A centaur warrior (D:13)
  A death knight (D:13)
  2 tengu warriors (D:15)
  2 ugly things (D:13)
  A howler monkey (D:9)
  An orc wizard (D:9)
11 creatures vanquished.

Vanquished Creatures (others)
  An unseen horror (D:13)
  6 humans (Spider:2)
  A death yak simulacrum (IceCv)
  8 fungi
  59 plants
75 creatures vanquished.

Grand Total: 1213 creatures vanquished

Notes
Turn   | Place    | Note
-------+----------+-------------------------------------------
     0 | D:1      | Gabide the Tengu Monk began the quest for the Orb.
     0 | D:1      | Reached XP level 1. HP: 14/14 MP: 2/2
   281 | D:1      | Found a faded altar of an unknown god.
   287 | D:1      | Reached XP level 2. HP: 19/19 MP: 3/3
   313 | D:1      | Prayed at the altar of an unknown god.
   313 | D:1      | Became a worshipper of Makhleb the Destroyer
   313 | D:1      | Reached * piety under Makhleb
   313 | D:1      | Reached ** piety under Makhleb
   610 | D:1      | Reached *** piety under Makhleb
   611 | D:1      | Reached XP level 3. HP: 23/23 MP: 4/4
  1309 | D:2      | Noticed Natasha
  1319 | D:2      | Killed Natasha
  1320 | D:2      | Reached skill level 4 in Polearms
  1320 | D:2      | Reached XP level 4. HP: 29/29 MP: 5/5
  1517 | D:2      | Noticed Natasha
  1526 | D:2      | Killed Natasha
  1596 | D:2      | Noticed Natasha
  1620 | D:2      | Killed Natasha
  1621 | D:2      | Gained mutation: Your magical nature lets you fly swiftly
                  | and evasively. [Tengu growth]
  1621 | D:2      | Reached XP level 5. HP: 17/33 MP: 6/6
  2990 | D:3      | Noticed Ijyb
  3004 | D:3      | Reached XP level 6. HP: 23/39 MP: 7/7
  3021 | D:3      | Killed Ijyb
  3022 | D:3      | Reached skill level 5 in Polearms
  3022 | D:3      | Reached skill level 5 in Dodging
  3274 | D:4      | Noticed Robin
  3303 | D:3      | Reached **** piety under Makhleb
  3541 | D:3      | Killed Robin
  3720 | D:4      | Found Roxtum's Antique Armour Shop.
  3816 | D:4      | Found a runed translucent gate.
  3816 | D:4      | Found a runed translucent gate.
  3818 | D:4      | Noticed Descartes's ghost (amateur OpWn)
  3821 | D:4      | Found a runed translucent gate.
  3822 | D:4      | Identified the +1 ring mail of Daffodils {Regen+}
  3850 | D:4      | Noticed Sigmund
  3869 | D:4      | Killed Sigmund
  3870 | D:4      | Reached skill level 5 in Fighting
  3870 | D:4      | Reached XP level 7. HP: 36/44 MP: 8/8
  4008 | D:4      | Found the +4 dagger "Morg" {pain, Will+ Int+5}
  4287 | D:5      | Entered Level 5 of the Dungeon
  4490 | D:5      | Found a staircase to the Ecumenical Temple.
  4509 | Temple   | Entered the Ecumenical Temple
  4790 | D:5      | Reached skill level 6 in Polearms
  4922 | D:5      | Reached XP level 8. HP: 47/51 MP: 9/9
  5332 | D:6      | Noticed Grinder
  5650 | D:6      | Paralysed by Grinder for 5 turns
  5656 | D:6      | Paralysed by Grinder for 3 turns
  5673 | D:6      | Paralysed by Grinder for 5 turns
  5685 | D:6      | Killed Grinder
  5686 | D:6      | Reached skill level 7 in Polearms
  5900 | D:6      | Found a one-way gate to the infinite horrors of the Abyss.
  5900 | D:6      | Noticed Acheron's ghost (amateur TrWz)
  5973 | D:6      | Identified the +1 helmet "Eqiuzxe" {Dex+2 SInv}
  6098 | D:6      | Reached XP level 9. HP: 48/57 MP: 10/10
  6308 | D:6      | Found a transporter.
  6324 | D:6      | Noticed an ancient zyme
  6327 | D:6      | Found a transporter.
  6460 | D:6      | Reached skill level 8 in Polearms
  6675 | D:7      | Found Caulyj Ysup's General Store.
  6688 | D:7      | Bought a scroll of teleportation for 36 gold pieces
  6688 | D:7      | Bought a scroll of identify for 24 gold pieces
  6987 | D:7      | Found Botiraga's Self-Improvement Boutique.
  7063 | D:7      | Found a broken altar of Ashenzari.
  7074 | D:7      | Reached ***** piety under Makhleb
  7521 | D:8      | Found Tyengir's Antique Weapon Shop.
  7568 | D:8      | Found Amaurem's Antique Armour Shop.
  7632 | D:8      | Noticed Harold
  8108 | D:8      | Found a hide-covered altar of Uskayaw.
  8108 | D:8      | Noticed a +0 hand axe
  8109 | D:8      | Noticed a +0 hand axe
  8403 | D:8      | Found Fakkilie's Weapon Shoppe.
  8404 | D:8      | Found Sosedgh's Armour Shop.
  8411 | D:8      | Reached skill level 9 in Polearms
  8515 | D:8      | Found Hoskegom's Assorted Antiques.
  8523 | D:8      | Identified the amulet "Kyashrab" {Spirit Str+2}
  8534 | D:8      | Bought a wavering marble ring for 120 gold pieces
  8534 | D:8      | Identified the ring of the Hart {rPois rC+ rN+} (You bought
                  | it in a shop on level 8 of the Dungeon)
  8574 | D:8      | Noticed an orange demon
  8595 | D:8      | Killed Harold
  8596 | D:8      | Reached XP level 10. HP: 49/65 MP: 9/11
  8913 | D:9      | Noticed a two-headed ogre
  8924 | D:9      | Killed a two-headed ogre
  8925 | D:9      | Reached skill level 10 in Polearms
  8925 | D:9      | Reached skill level 10 in Dodging
  8960 | D:9      | Noticed a purple ugly thing
  8973 | D:9      | Killed a purple ugly thing
  8997 | D:9      | Noticed Gastronok
  8998 | D:9      | Noticed a manticore
  9008 | D:9      | Killed a manticore
  9028 | D:9      | Noticed an orange demon
  9032 | D:9      | Killed Gastronok
  9033 | D:9      | Reached skill level 10 in Fighting
  9033 | D:9      | Reached skill level 11 in Polearms
  9033 | D:9      | Reached XP level 11. HP: 52/72 MP: 6/12
  9035 | D:9      | Noticed Erica
  9047 | D:9      | Killed Erica
  9111 | D:9      | Noticed a boulder beetle
  9121 | D:9      | Noticed a centaur warrior
  9137 | D:9      | Identified the +0 chain mail "Hyushros" {Slay+2}
  9449 | D:8      | Killed a boulder beetle
  9658 | D:9      | Killed a centaur warrior
 10454 | D:9      | Found an iron altar of Okawaru.
 10455 | D:9      | Noticed a tengu warrior
 10463 | D:9      | Noticed a four-headed hydra
 10526 | D:8      | Killed a four-headed hydra
 10527 | D:8      | Reached skill level 12 in Polearms
 10781 | D:9      | Got the Almanac of Unholy Creation
 10799 | D:9      | Got Zagoov's Almanac of Malediction
 10882 | D:9      | Killed a tengu warrior
 11301 | D:9      | Found Feurghidell's Assorted Antiques.
 11329 | D:9      | Noticed a two-headed ogre
 11343 | D:9      | Killed a two-headed ogre
 11344 | D:9      | Reached XP level 12. HP: 72/80 MP: 11/13
 11515 | D:10     | Entered Level 10 of the Dungeon
 11743 | D:10     | Found Wiqudgh's Distillery.
 11930 | D:10     | Bought a potion of invisibility for 120 gold pieces
 11930 | D:10     | Identified 2 scrolls of acquirement
 11931 | D:10     | Acquired 784 gold pieces
 11933 | D:10     | Acquired a +6 vorpal bardiche
 12042 | D:10     | Noticed a two-headed ogre
 12045 | D:10     | Killed a two-headed ogre
 12046 | D:10     | Reached skill level 13 in Polearms
 12115 | D:10     | Found a glowing golden altar of the Shining One.
 12136 | D:10     | Found a staircase to the Orcish Mines.
 12895 | D:7      | Bought a manual of Fighting for 1040 gold pieces
 13031 | D:11     | Noticed a death yak
 13032 | D:11     | Noticed a death yak
 13044 | D:11     | Killed a death yak
 13049 | D:11     | Noticed a death yak
 13055 | D:10     | Killed a death yak
 13226 | D:10     | Killed a death yak
 13368 | D:11     | Found a staircase to the Lair.
 13533 | D:11     | Reached skill level 14 in Polearms
 14397 | Lair:1   | Entered Level 1 of the Lair of Beasts
 14397 | Lair:1   | Noticed Urug
 14447 | Lair:1   | Killed Urug
 14462 | Lair:1   | Noticed a seven-headed hydra
 14473 | Lair:1   | Killed a seven-headed hydra
 14603 | Lair:1   | Noticed an eight-headed hydra
 14606 | Lair:1   | Noticed Grum
 14610 | Lair:1   | Killed an eight-headed hydra
 14622 | Lair:1   | Killed Grum
 14812 | Lair:1   | Noticed an eight-headed hydra
 14821 | Lair:1   | Killed an eight-headed hydra
 14822 | Lair:1   | Reached skill level 15 in Polearms
 15121 | Lair:1   | Reached XP level 13. HP: 88/88 MP: 14/14
 15345 | Lair:2   | Found a frozen archway.
 15374 | IceCv    | Entered an ice cave
 15382 | IceCv    | Reached ****** piety under Makhleb
 15782 | IceCv    | Found an ancient bone altar of Kikubaaqudgha.
 15807 | IceCv    | Reached skill level 16 in Polearms
 16567 | IceCv    | Got the Volume of the Sinister Frostbite
 17031 | Lair:2   | Noticed Sonja
 17034 | Lair:2   | Killed Sonja
 17035 | Lair:2   | Reached skill level 15 in Fighting
 17099 | Lair:2   | Found a large runed translucent door.
 17099 | Lair:2   | Found a large runed translucent door.
 17100 | Lair:2   | Noticed PentaManta's ghost (journeyman KoBr)
 17126 | Lair:2   | Killed PentaManta's ghost
 17448 | Lair:2   | Reached skill level 17 in Polearms
 17758 | Lair:3   | Found a staircase to the Shoals.
 18570 | Lair:4   | Reached XP level 14. HP: 41/99 MP: 6/15
 19007 | Lair:4   | Found a hole to the Spider Nest.
 19015 | Lair:4   | Reached skill level 18 in Polearms
 19517 | Lair:5   | You are sucked into a shaft and drop 1 floor!
 19517 | Lair:6   | Entered Level 6 of the Lair of Beasts
 20064 | Lair:5   | Found a staircase to the Slime Pits.
 22535 | Lair:6   | Reached XP level 15. HP: 104/108 MP: 14/16
 22843 | D:12     | Found Dijoaca's Armour Boutique.
 22854 | D:12     | Reached skill level 19 in Polearms
 23372 | D:12     | Found Waifo's Assorted Antiques.
 23393 | D:12     | Bought the +3 pair of gauntlets of War {Slay+5} for 665
                  | gold pieces
 23393 | D:12     | Found the +3 pair of gauntlets of War {Slay+5}
 23445 | D:12     | Found Goysod's Jewellery Shoppe.
 23482 | D:12     | Found Lautuk's Weapon Shoppe.
 23727 | D:13     | Noticed Rupert
 23741 | D:13     | Killed Rupert
 24812 | D:13     | Found a gate to the Vaults.
 25247 | Orc:1    | Entered Level 1 of the Orcish Mines
 25247 | Orc:1    | You are sucked into a shaft and drop 1 floor!
 25247 | Orc:2    | Entered Level 2 of the Orcish Mines
 25570 | Orc:1    | Noticed an orc warlord
 25588 | Orc:1    | Killed an orc warlord
 25589 | Orc:1    | Reached skill level 15 in Dodging
 26369 | Orc:2    | Found Vaej Posm's Book Emporium.
 26369 | Orc:2    | Found Diuprofe's Antique Weapon Shoppe.
 26376 | Orc:2    | Found Guleenin's General Store.
 26378 | Orc:2    | Found Xowu's General Store.
 26544 | Orc:2    | Found a staircase to the Elven Halls.
 27314 | D:14     | Reached skill level 20 in Polearms
 27630 | D:14     | Reached XP level 16. HP: 116/116 MP: 17/17
 27911 | D:15     | Entered Level 15 of the Dungeon
 27911 | D:15     | Found a bloodstained altar of Trog.
 28020 | D:15     | Found a shimmering altar of Xom.
 28021 | D:15     | Found a shimmering altar of Xom.
 28022 | D:15     | Found a shimmering altar of Xom.
 28103 | D:15     | Found Seemeguc's Book Shoppe.
 28516 | D:15     | Found a staircase to the Depths.
 28908 | Orc:2    | Bought a scroll of identify for 26 gold pieces
 29069 | Shoals:1 | Entered Level 1 of the Shoals
 30867 | Shoals:2 | Found Xafucagh's General Store.
 31049 | D:7      | Bought a manual of Dodging for 1040 gold pieces
 31814 | Shoals:3 | Noticed Mara
 31816 | Shoals:3 | Noticed Gabide's illusion
 31832 | Shoals:3 | Found Zaumoh's Assorted Antiques.
 31873 | Shoals:3 | Killed Mara
 32557 | Shoals:3 | Reached skill level 21 in Polearms
 32716 | Shoals:3 | Reached XP level 17. HP: 116/123 MP: 18/18
 32933 | Shoals:4 | Entered Level 4 of the Shoals
 33473 | Shoals:4 | Found a runed translucent gate.
 33474 | Shoals:4 | Found a runed translucent gate.
 33515 | Shoals:4 | Found Tyut Larie's Gadget Gallery.
 33554 | Shoals:4 | Found a runed translucent gate.
 33663 | Shoals:4 | Identified the amulet "Weugoame" {RegenMP rCorr Str+2 SInv}
 33740 | Shoals:4 | Got the Guide on Destructive Evil
 34399 | Shoals:4 | Noticed Nikola
 34860 | Shoals:4 | Killed Nikola
 34949 | Shoals:4 | Got a barnacled rune of Zot
 34977 | Shoals:4 | Noticed Xye's ghost (adept HOFi)
 35017 | Shoals:2 | Bought a scroll of enchant armour for 135 gold pieces
 35121 | D:12     | Bought a potion of haste for 250 gold pieces
 35244 | Spider:1 | Entered Level 1 of the Spider Nest
 35509 | Spider:1 | Reached skill level 1 in Armour
 35527 | Spider:1 | Acquired a manual of Armour
 37403 | Spider:2 | Reached XP level 18. HP: 129/131 MP: 19/19
 37437 | Spider:2 | Reached skill level 22 in Polearms
 37718 | Spider:2 | Noticed Kirke
 37731 | Spider:2 | Killed Kirke
 40147 | Spider:4 | Entered Level 4 of the Spider Nest
 40319 | Spider:4 | Got the Incunabulum of Dark Rituals and the Blaze
 40586 | Spider:4 | Identified the +2 ring mail "Bohevyilif" {Str+4}
 41471 | Spider:4 | Reached skill level 5 in Armour
 41781 | Spider:4 | Got a gossamer rune of Zot
 42052 | Vaults:1 | Entered Level 1 of the Vaults
 42308 | Vaults:1 | Reached XP level 19. HP: 127/137 MP: 20/20
 42328 | Vaults:1 | Noticed a dread lich
 42675 | Vaults:1 | Reached skill level 23 in Polearms
 43234 | Vaults:1 | Found Lahaigyr's Armour Shoppe.
 43665 | Vaults:1 | Identified the ring "Cyempas" {Fly rN+ Str+2 Slay-2}
 43667 | Vaults:1 | Identified the +7 long sword of Chance {antimagic, Will+
                  | Int+3 SInv}
 43683 | Vaults:1 | Found a transporter.
 43735 | Vaults:1 | Found a transporter.
 44011 | Vaults:1 | Found Yxeaklogg's Armour Boutique.
 44186 | Vaults:1 | Found Wock's Antique Armour Emporium.
 44512 | Vaults:1 | Found Fuokkaud's Weapon Boutique.
 44512 | Vaults:1 | Identified the +1 chain mail of Plog {rF+}
 45072 | Vaults:2 | Found a staircase to the Crypt.
 45072 | Vaults:2 | Found an ancient bone altar of Kikubaaqudgha.
 45073 | Vaults:2 | Found a basalt altar of Yredelemnul.
 45311 | Vaults:2 | Reached skill level 10 in Armour
 45691 | Vaults:2 | Noticed Xtahua
 46314 | Vaults:2 | Paralysed by Xtahua for 7 turns
 46321 | Vaults:2 | HP: 1/139 [Xtahua (18)]
 46321 | Vaults:2 | Mangled by Xtahua

Illustrated notes

Levels and vault maps discovered:
D:1:      amcnicky_arrival_double_pillar, layout_basic,
          hellmonk_ecumenical_altar_prayer_group
D:2:      layout_loops_cross, minmay_tiny_reverse_x, uniq_natasha
D:3:      layout_loops_cross, st_stairs_5, uniq_ijyb
D:4:      layout_rooms, serial_shops, shop_statue, biasface_ghost_orc_armoury,
          uniq_robin, uniq_sigmund
D:5:      layout_basic, minmay_temple_entry_statues_pillars
D:6:      layout_basic, gammafunk_ghost_abyssal_escape, uniq_grinder
D:7:      layout_loops_ring, evilmike_ruin_ashenzari, serial_shops, shop,
          nicolae_shop_self_help
D:8:      layout_basic, dancing_weapons_uskayaw, serial_shops,
          nicolae_shop_overgrown_old_shop, nicolae_stop_n_shop_1, shop,
          nicolae_shop_trees, shop, uniq_harold
D:9:      minmay_the_grid_3x2 [minmay_the_grid_rooms,
          minmay_the_grid_minigrid_small_alt, minmay_the_grid_slots,
          minmay_the_grid_mess, minmay_the_grid_box_x,
          minmay_the_grid_prize_trominoes], layout_loops_cross,
          mainiacjoe_overflow_small_starburst, serial_shops,
          kennysheep_mini_moat, hangedman_abyss_or_decor_passed,
          grunt_ministairs_15, uniq_erica, uniq_gastronok
D:10:     layout_basic, mainiacjoe_overflow_alcove_2, david_orc_5, serial_shops,
          shop
D:11:     layout_gridville, dpeg_lair_monsters, minmay_liquid_box
D:12:     layout_basic, serial_shops, nicolae_shop_crystal,
          nicolae_shop_behind_doors, shop, nicolae_stop_n_shop_1
D:13:     layout_roguey, lightli_vaults_fourway_checkpoint,
          kennysheep_generic_room_15, uniq_rupert
D:14:     layout_loops_ring, nrook_mini_backslash, small_statue_intersection
D:15:     grunt_enter_depths_snipers, layout_rooms, serial_shops, shop,
          lemuel_crystal_altar, serial_park_tiny_1, xom_shifter_show
Temple:   dpeg_five_rooms_temple
Lair:1:   layout_long_grid, uniq_grum, uniq_urug
Lair:2:   layout_gridlike, ebering_ghost_disaster_area,
          portal_ice_cave_entry_imps, st_stairs_10, roderic_carrion_pond,
          uniq_sonja
Lair:3:   layout_gridlike, elwin_shoals_entry_rocks, grunt_megastairs_2
Lair:4:   layout_roguey, spider_nest_entry_funnel_web, serial_rivers,
          chequers_serial_rivers_micro_a, chequers_serial_rivers_room_b,
          chequers_serial_rivers_room_b, chequers_serial_rivers_room_b,
          chequers_serial_rivers_small_a, chequers_serial_rivers_micro_d,
          beast_lair_carwin_6
Lair:5:   layout_long_grid, slime_dummy
Lair:6:   hangedman_lair_in_review, layout_gridlike, minmay_stone_trees_small,
          nicolae_quartered_pool_impasse
Shoals:1: layout_shoals
Shoals:2: layout_shoals, serial_shops, nicolae_stop_n_shop_1
Shoals:3: layout_shoals, serial_shops, shop, nicolae_shoals_cliffside_cave,
          uniq_mara
Shoals:4: shoals_end_hangedman, layout_shoals, ebering_ghost_rock_garden,
          nicolae_shop_gadgets, uniq_nikola
Spider:1: layout_spider_delve, nicolae_looking_at_the_future
Spider:2: layout_chambers, uniq_kirke
Spider:3: layout_spider_delve, spiders_nest_the_unseen
Spider:4: guppyfry_spider_rune
Orc:1:    layout_diamond_mine
Orc:2:    st_orc_mages, layout_diamond_mine
Vaults:1: gammafunk_the_bubble [the_bubble_gammafunk_plus_minus],
          nicolae_vaults_three_branches, nicolae_vaults_asterisk,
          vaults_mumra_chevron, ontoclasm_vaults_pinch, ontoclasm_vaults_bender,
          nicolae_vaults_network_periphery, ontoclasm_vaults_claustrophobia,
          vaults_mumra_hex, vaults_room_fours, vaults_room_door_hall,
          vaults_room_door_ring, layout_vaults_omnicross, serial_shops, shop,
          shop, nicolae_shop_behind_doors, shop
Vaults:2: minmay_crypt_entry_necro_gods, vaults_room_fancy_cross,
          nicolae_vaults_display_case, v_misc_17, nicolae_vaults_gold_heap,
          v_misc_25, layout_vaults_quadrants, serial_hangedman_research,
          hangedman_research_pyrotechnics, uniq_xtahua

Skill      XL: |  1  2  3  4  5  6  7  8  9 10 11 12 13 14 15 16 17 18 19 |
---------------+----------------------------------------------------------+-----
Polearms       | 4 5 6 7 9 11 12 15 17 18 20 21 22 23 | 23.4
Dodging        | 4 5 6 7 9 11 12 14 15 17 19 21 22 | 22.1
Fighting       | 4 5 7 8 10 11 13 15 17 18 19 20 21 | 21.9
Armour         | 4 6 11 | 11.1
Stealth        | |  2.0

Action                   |  1- 3 |  4- 6 |  7- 9 | 10-12 | 13-15 | 16-18 | 19-21 || total
-------------------------+-------+-------+-------+-------+-------+-------+-------++-------
Melee: Spear             |   104 |   135 |       |       |       |       |       ||   239
       Kick              |    20 |    40 |   119 |   132 |   295 |   311 |   115 ||  1032
       Peck              |    14 |    19 |    67 |    86 |   169 |   193 |    67 ||   615
       Trident           |       |    10 |   414 |   322 |       |       |       ||   746
       Punch             |       |       |     4 |     5 |     2 |       |       ||    11
       Bardiche          |       |       |       |   133 |   840 |  1147 |   318 ||  2438
       Demon trident     |       |       |       |    21 |    83 |     4 |       ||   108
 Fire: Hunting sling     |       |    43 |       |       |       |       |       ||    43
Throw: Dart              |       |       |    12 |     8 |     6 |    11 |     2 ||    39
       Throwing net      |       |       |       |     3 |     1 |       |       ||     4
       Javelin           |       |       |       |       |    11 |       |       ||    11
Invok: Lesser Servant of |       |       |     2 |     5 |       |       |       ||     7
Evoke: Wand              |       |       |     3 |    28 |     6 |    20 |       ||    57
       Tin of tremorston |       |       |       |     2 |       |       |       ||     2
       Condenser vane    |       |       |       |       |       |     2 |     1 ||     3
       Phantom mirror    |       |       |       |       |       |     2 |       ||     2
  Use: Scroll            |       |     3 |    10 |     6 |    14 |    14 |     4 ||    51
       Potion            |       |       |     2 |     4 |     7 |     7 |     3 ||    23
 Stab: Sleeping          |    12 |     2 |     5 |     3 |     6 |    10 |       ||    38
       Distracted        |       |     1 |     3 |     2 |     1 |     6 |     1 ||    14
       Paralysed         |       |       |       |    18 |       |       |       ||    18
       Held in net/web   |       |       |       |     2 |       |       |       ||     2
       Invisible         |       |       |       |     2 |     3 |       |       ||     5
Armor: Robe              |     5 |       |       |       |       |       |       ||     5
       Ring mail         |    11 |    30 |   102 |    87 |   178 |   186 |    74 ||   668
Dodge: Dodged            |    43 |    87 |   300 |   385 |   921 |  1245 |   380 ||  3361
Block: Other             |       |       |       |       |       |   227 |    77 ||   304
       Reflection        |       |       |       |       |       |    13 |    10 ||    23
